 Dungeon Crawl Stone Soup version 0.19.0-11-g3fc08b3 (console) character file.

20 2d6 the Skirmisher (level 2, -17/24 HPs)
             Began as a Hill Orc Wanderer on Nov 9, 2016.
             Killed from afar by a rat (26 damage)
             ... with an exploding inner flame
             ... hexed by the player character
             ... on level 2 of the Dungeon.
             The game lasted 00:06:53 (714 turns).

2d6 the Skirmisher (Hill Orc Wanderer)               Turns: 714, Time: 00:06:54

Health: -17/24     AC:  6    Str: 13 (15) XL:     2   Next: 79%
Magic:  4/4        EV: 10    Int:  9 (12) God:
Gold:   64         SH:  0    Dex: 10 (11) Spells: 1 memorised, 3 levels left

rFire  . . .     SeeInvis .     b - +0 whip
rCold  . . .     Gourm    .     u - +3 leather armour {MR+}
rNeg   . . .     Faith    .     (no shield)
rPois  .         Spirit   .     (no helmet)
rElec  .         Reflect  .     (no cloak)
rCorr  .         Harm     .     (no gloves)
MR     +....     Clarity  +     (no boots)
Stlth  +.........               (no amulet)
                                (no ring)
                                (no ring)

@: very slightly contaminated, invisible
A: clarity, strong 1, wild magic 1
a: no special abilities


You were on level 2 of the Dungeon.
You were not hungry.

You visited 1 branch of the dungeon, and saw 2 of its levels.

You collected 64 gold pieces.

Inventory:

Hand Weapons
 a - a +2 shortbow
 b - a +0 whip (weapon)
 e - a +0 blowgun
Missiles
 d - 15 poisoned needles
 h - 13 stones (quivered)
 p - 54 arrows
Armour
 f - a +0 robe
 j - a +0 robe
 m - a +0 ring mail
 u - a +3 leather armour of magic resistance (worn)
Scrolls
 l - 3 scrolls of remove curse
 s - a scroll of enchant armour
Potions
 o - a potion of degeneration
Books
 c - the Handbook of Feathers

   Spells                             Type                      Level
   a - Shock                          Conjuration/Air              1
   b - Static Discharge               Conjuration/Air              3
Comestibles
 g - 2 bread rations
 q - a meat ration


   Skills:
 + Level 2.2 Fighting
 + Level 1.2 Bows
 - Level 1.0 Throwing
 + Level 2.1 Armour
 - Level 1.5 Spellcasting
 + Level 0.0 Conjurations
   Level 1.7 Charms
   Level 1.0 Poison Magic
   Level 1.0 Evocations


You had 3 spell levels left.
You knew the following spells:

 Your Spells              Type           Power        Failure   Level  Hunger
a - Shock                 Conj/Air       #...         63%         1    ##.....


Dungeon Overview and Level Annotations

Branches:
Dungeon (2/15)

Altars:


Innate Abilities, Weirdness & Mutations

You possess an exceptional clarity of mind.
Your muscles are strong. (Str +2)
Your spells are a little harder to cast, but a little more powerful.


Message History

The rat bites you but does no damage.
As you read the scroll labeled XYELU IMUFUCK, it crumbles to dust.
It is a scroll of identify.
m - a +0 ring mail The gnoll barely misses you.
The rat bites you but does no damage.
You feel better. The gnoll hits you with a whip. The rat misses you.
A gnoll comes into view. It is wielding a spear.
You barely miss the rat. The gnoll barely misses you. The rat bites you.
The rat closely misses you. The gnoll barely misses you.
You closely miss the rat. The rat barely misses you.
The gnoll hits you but does no damage.
You barely miss the rat.
The gnoll shouts!
The rat closely misses you. The gnoll barely misses you.
The gnoll shouts!
You hit the rat.
The rat explodes!
The fiery explosion engulfs you!
Ouch! That really hurt!
You die...

.....<))....g....#
....(.##########.#
.....## #.# ....(#
#g# ...#.# #.#
...#$# #g# ...#..
#.# .. ### #g# ..
#@# . #§# #§# #.#
... ... ... ##.##


You could see 3 gnolls.

Vanquished Creatures
  A leopard gecko (D:1)
  A ball python (D:1)
  A giant cockroach (D:1)
  A hobgoblin (D:1)
  4 bats (D:1)
  3 frilled lizards (D:1)
  2 goblins
  5 kobolds
  A rat (D:1)
19 creatures vanquished.

Notes
Turn   | Place    | Note
-------+----------+-------------------------------------------
     0 | D:1      | 2d6 the Hill Orc Wanderer began the quest for the Orb.
     0 | D:1      | 2d6 set off with: a +2 shortbow, 23 arrows, the Handbook of Feathers, 15 poisoned needles, a +0 blowgun, a +0 robe, a bread ration
     0 | D:1      | Reached XP level 1. HP: 16/16 MP: 3/3
     0 | D:1      | Identified the Handbook of Feathers
     2 | D:1      | Learned a level 1 spell: Shock
   185 | D:1      | Reached XP level 2. HP: 16/24 MP: 4/4
   694 | D:2      | Gained mutation: Your muscles are strong. (Str +2) [potion of mutation]
   694 | D:2      | Gained mutation: Your spells are a little harder to cast, but a little more powerful. [potion of mutation]
   694 | D:2      | Gained mutation: You possess an exceptional clarity of mind. [potion of mutation]
   714 | D:2      | Killed from afar by a rat

Skill      XL: |  1  2 |
---------------+-------+-----
Fighting       | 2 |  2.2
Armour         | 2 |  2.1
Bows           | |  1.2
Throwing       | |  1.0
Spellcasting   | |  1.5
Charms         | |  1.7
Poison Magic   | |  1.0
Evocations     | |  1.0

Action                   || total
-------------------------++-------
Melee: Whip              ||    95
 Fire: Shortbow          ||     4
  Use: Scroll            ||     5
       Potion            ||     5
 Stab: Invisible         ||     1
Armor: Robe              ||    11
       Leather armour    ||    44
Dodge: Dodged            ||    80
